 Dungeon Crawl Stone Soup version 0.32-a0-131-g9dbbe29261 (webtiles) character file.

Game seed: 2263827122029378469

172 Dittersdorf the Covered (level 5, -2/34 HPs)
             Began as a Gargoyle Fighter on Feb 8, 2024.
             Slain by an ice beast (10 damage)
             ... on level 4 of the Dungeon.
             The game lasted 00:02:37 (2243 turns).

Dittersdorf the Covered (Gargoyle Fighter)          Turns: 2243, Time: 00:02:37

Health: -2/34      AC: 14    Str: 21    XL:     5   Next: 52%
Magic:  5/5        EV:  9    Int:  9    God:
Gold:   127        SH:  4    Dex:  9    Spells: 4/4 levels left

rFire   . . .        a - +0 flail
rCold   . . .        c - +0 buckler
rNeg    + . .        b - +0 scale mail
rPois   ∞            (no helmet)
rElec   +            g - +1 cloak {Stlth+}
rCorr   .            o - +0 pair of gloves
SInv    +            (no boots)
Will    .....        (no amulet)
Stlth   +            q - ring of see invisible
HPRegen 0.25/turn    (no ring)
MPRegen 0.09/turn

%: no passive effects
@: no status effects
A: sickness immunity, AC +4, negative energy resistance 1, electricity
resistance, torment resistance 1, petrification resistance
a: no special abilities


You were on level 4 of the Dungeon.
You visited 1 branch of the dungeon, and saw 4 of its levels.

You collected 127 gold pieces.

Inventory:

Hand Weapons
 a - a +0 flail (weapon)
Armour
 b - a +0 scale mail (worn)
 c - a +0 buckler (worn)
 g - a +1 cloak of stealth (worn)
 o - a +0 pair of gloves (worn)
Jewellery
 q - a ring of see invisible (left hand)
Scrolls
 e - a scroll of teleportation {unknown}
 f - 2 scrolls of enchant weapon {unknown}
 i - a scroll of acquirement {unknown}
 j - a scroll of blinking {unknown}
 k - a scroll of noise {unknown}
 m - 2 scrolls of fear {unknown}
 n - a scroll of torment {unknown}
 p - a scroll of identify {unknown}
 r - a scroll of immolation {unknown}
Potions
 d - a potion of might
 h - 4 potions of curing {unknown}
 l - a potion of enlightenment {unknown}
 s - a potion of resistance {unknown}
 t - a potion of attraction {unknown}


   Skills:
 + Level 4.3 Fighting
 + Level 3.2 Maces & Flails
 + Level 4.3 Armour
 + Level 4.3 Shields


You had 4 spell levels left.
You didn't know any spells.
Your spell library contained the following spells:

 Spells                   Type           Power      Damage    Failure   Level
 Inner Flame              Hex/Fire       0%         N/A       98%         3
 Flame Wave               Conj/Fire      0%         2d4       100%        4
 Sticky Flame             Fire/Alch      0%         2d4       100%        4


Dungeon Overview and Level Annotations

Branches:
Dungeon (4/15)
 Temple: D:4-7

Altars:
Hepliaklqana
Okawaru

Shops:
D:1 (   D:2 (

Annotations:
D:3 1 runed translucent door, HinaDarling's ghost, amateur OpMo


Innate Abilities, Weirdness & Mutations

You are immune to sickness and miasma.
Your stone body is resilient. (AC +4)
You are immune to poison.
You resist negative energy. (rN+)
You are resistant to electric shocks. (rElec)
You are resistant to unholy torment.
You are immune to petrification.


Message History

The ice beast is lightly wounded.
The ice beast hits you but does no damage.
The ice beast hits you. The ice beast freezes you!
You barely miss the ice beast.
The ice beast is lightly wounded.
The ice beast hits you. The ice beast freezes you!
You are too injured to fight recklessly!
You are too injured to fight recklessly!
You are too injured to fight recklessly!
You are too injured to fight recklessly!
You are too injured to fight recklessly!
You are too injured to fight recklessly!
You are too injured to fight recklessly!
You are too injured to fight recklessly!
You are too injured to fight recklessly!
You are too injured to fight recklessly!
You are too injured to fight recklessly!
You are too injured to fight recklessly!
You are too injured to fight recklessly!
You are too injured to fight recklessly!
You are too injured to fight recklessly!
You are too injured to fight recklessly!
You are too injured to fight recklessly!
You are too injured to fight recklessly!
You are too injured to fight recklessly!
You are too injured to fight recklessly!
You are too injured to fight recklessly!
You closely miss the ice beast.
The ice beast is lightly wounded.
The ice beast hits you but does no damage.
You closely miss the ice beast.
The ice beast is lightly wounded.
The ice beast closely misses you.
The ice beast hits you but does no damage.
You hit the ice beast but do no damage.
The ice beast is lightly wounded.
The ice beast hits you.
* * * LOW HITPOINT WARNING * * *
The ice beast freezes you!
You die...

. # .. #. .. ...#. ##..
...... )... ......# ...
...)..Y###### ..#
.......@....####.#
.................# #
.........##....###..#.#
.....##...............#
..... ##.#####.###.####
[... #..# #...#.##...
##. ##..# ###......# ..
#..###..######
##.....##


You could see an ice beast.

Vanquished Creatures
  A scorpion (D:3)
  An orc wizard (D:3)
  An adder (D:2)
  5 dart slugs
  A ribbon worm (D:3)
  5 orcs
  5 endoplasms
  2 giant cockroaches
  3 goblins
  4 hobgoblins
  10 kobolds
  3 quokkas (D:1)
  7 ball pythons
  4 bats
  2 frilled lizards
  7 rats
61 creatures vanquished.

Notes
Turn   | Place    | Note
-------+----------+-------------------------------------------
     0 | D:1      | Dittersdorf the Gargoyle Fighter began the quest for the
                  | Orb.
     0 | D:1      | Reached XP level 1. HP: 14/14 MP: 1/1
   140 | D:1      | Reached XP level 2. HP: 17/19 MP: 2/2
   257 | D:1      | Found Gukikax's Weapon Shop.
   365 | D:1      | Reached XP level 3. HP: 21/23 MP: 3/3
   413 | D:1      | Found a faded altar of an unknown god.
   891 | D:2      | Found Leschanao's Weapon Emporium.
  1166 | D:2      | Reached XP level 4. HP: 25/29 MP: 4/4
  1342 | D:3      | Found a runed translucent door.
  1345 | D:3      | Noticed HinaDarling's ghost (amateur OpMo)
  1409 | D:3      | Found an iron altar of Okawaru.
  1649 | D:3      | Identified the +7 shortbow of the Viny God {heavy, Dex+4}
  1704 | D:3      | Found a hazy altar of Hepliaklqana.
  2029 | D:4      | Noticed a scorpion
  2055 | D:3      | Killed a scorpion
  2056 | D:3      | Reached XP level 5. HP: 15/33 MP: 5/5
  2234 | D:4      | Noticed an ice beast
  2243 | D:4      | Slain by an ice beast

Illustrated notes

Levels and vault maps discovered:
D:1:      scummos_arrival_hexagon, layout_loops_ring,
          dreamdust_ecumenical_altar_angels_and_demons, serial_shops, shop,
          minmay_split_cup_small
D:2:      layout_basic, serial_shops, nicolae_shop_bloodbath_and_beyond
D:3:      layout_loops_ring, mainiacjoe_overflow_tiny_flanked,
          kennysheep_okawaru_gauntlet, ebering_ghost_sewer_d
D:4:      layout_rooms, dreamdust_divine_triumvirate

Skill      XL: |  1  2  3  4 |
---------------+-------------+-----
Shields        | 4 |  4.3
Fighting       | 4 |  4.3
Maces & Flails | 3 |  3.2
Armour         | 4 |  4.3

Action                     |  1- 3 |  4- 6 || total
---------------------------+-------+-------++-------
  Melee: Flail             |   102 |   107 ||   209
 Armour: Scale mail        |    59 |    87 ||   146
  Dodge: Dodged            |    53 |    45 ||    98
  Block: Buckler           |    21 |    35 ||    56

Table legend: (Time is in decaauts)
 A = Elapsed time spent in this place.
 B = Non-inter-level travel time spent in this place.
 C = Inter-level travel time spent in this place.
 D = Time resting spent in this place.
 E = Time spent auto-exploring this place.
 F = Levels seen in this place.
 G = Mean time per level.
                   A        B        C        D        E       F      G
               +--------+--------+--------+--------+--------+-----+--------+
         Total |   2307 |   2201 |    106 |     93 |   1547 |   4 |  576.8 |
       Dungeon |   2307 |   2201 |    106 |     93 |   1547 |   4 |  576.8 |
               +--------+--------+--------+--------+--------+-----+--------+

Top non-repeatable levels by time:
     D:3: 966 daAuts
     D:1: 691 daAuts
     D:2: 593 daAuts
     D:4: 54 daAuts
